 Dungeon Crawl Stone Soup version 0.19-a0-1827-g174f941 (webtiles) character file.

4792 hairmachine the Fighter (level 10, -15/102 HPs)
             Began as a Tengu Berserker on Oct 7, 2016.
             Was an Elder of Trog.
             Demolished by a hill giant
             ... wielding a +0 giant club
              (31 damage)
             ... on level 10 of the Dungeon.
             The game lasted 00:40:42 (13152 turns).

hairmachine the Fighter (Tengu Berserker)          Turns: 13152, Time: 00:40:43

Health: -15/102    AC: 14    Str: 24    XL:     10   Next: 48%
Magic:  11/11      EV: 12    Int:  8    God:    Trog [****..]
Gold:   457        SH:  0    Dex: 15    Spells: 0 memorised, 9 levels left

rFire  . . .     SeeInvis .     r - +0 scimitar
rCold  . . .     Gourm    .     m - +2 chain mail {rPois}
rNeg   . . .     Faith    .     (no shield)
rPois  +         Spirit   .     z - +0 hat
rElec  .         Dismiss  .     d - +1 cloak
rCorr  .         Reflect  .     (no gloves)
MR     .....     Harm     .     (boots unavailable)
Stlth  ..........               (no amulet)
                                y - ring of flight
                                u - ring of poison resistance

@: berserking, very quick
A: beak, talons 3, able to fly 1
a: Fly, Berserk, Trog's Hand, Brothers in Arms, Burn Spellbooks, Renounce
Religion, Evoke Flight


You were on level 10 of the Dungeon.
You worshipped Trog.
Trog was greatly pleased with you.
You were hungry.

You visited 1 branch of the dungeon, and saw 10 of its levels.

You collected 457 gold pieces.

Inventory:

Hand Weapons
 q - a +0 dagger
 r - a +0 scimitar (weapon)
 I - a +0 shortbow of freezing
Missiles
 h - 298 stones (quivered)
 p - a throwing net
 J - 36 arrows
Armour
 d - a +1 cloak (worn)
 m - a +2 chain mail of poison resistance (worn)
 z - a +0 hat (worn)
Jewellery
 k - an uncursed amulet of the gourmand {unknown}
 u - a ring of poison resistance (left hand)
 y - a ring of flight (right hand)
 B - an uncursed amulet of faith {unknown}
Wands
 x - a wand of flame (36/48)
 E - a wand of lightning (9/15)
Scrolls
 a - a scroll of amnesia {unknown}
 b - a scroll of noise {unknown}
 e - 2 scrolls of remove curse
 i - 2 scrolls of identify
 l - a scroll of enchant weapon {unknown}
 n - 2 scrolls of recharging {unknown}
 s - a scroll of blinking {unknown}
 t - 2 scrolls of fear {unknown}
 v - a scroll of immolation {unknown}
 K - a scroll of teleportation {unknown}
Potions
 g - a potion of berserk rage
 j - 5 potions of lignification
 w - 3 potions of mutation
 C - a potion of heal wounds
 D - a potion of invisibility {unknown}
 H - a potion of ambrosia {unknown}
Books
 o - a book of Minor Magic

   Spells                             Type                      Level
   a - Magic Dart                     Conjuration                  1
   b - Blink                          Translocation                2
   c - Call Imp                       Summoning                    2
   d - Repel Missiles                 Charms/Air                   2
   e - Slow                           Hexes                        2
   f - Conjure Flame                  Conjuration/Fire             3
   g - Mephitic Cloud                 Conjuration/Poison/Air       3
   Trog disapproves of the use of such an item.
 A - a book of Frost

   Spells                             Type                      Level
   a - Freeze                         Ice                          1
   b - Throw Frost                    Conjuration/Ice              2
   c - Ozocubu's Armour               Charms/Ice                   3
   d - Throw Icicle                   Conjuration/Ice              4
   e - Summon Ice Beast               Ice/Summoning                4
   Trog disapproves of the use of such an item.
 F - a book of Enchantments

   Spells                             Type                      Level
   a - Cause Fear                     Hexes                        4
   b - Yara's Violent Unravelling     Hexes/Transmutation          5
   c - Silence                        Hexes/Air                    5
   d - Deflect Missiles               Charms/Air                   6
   e - Discord                        Hexes                        8
   Trog disapproves of the use of such an item.
 L - a book of Maledictions

   Spells                             Type                      Level
   a - Corona                         Hexes                        1
   b - Ensorcelled Hibernation        Hexes/Ice                    2
   c - Confuse                        Hexes                        3
   d - Tukima's Dance                 Hexes                        3
   e - Dazzling Spray                 Conjuration/Hexes            3
   Trog disapproves of the use of such an item.
Comestibles
 c - 5 bread rations
 f - 3 meat rations
 G - 8 chunks of flesh


   Skills:
 + Level 10.2 Fighting
 - Level 9.6 Long Blades
 + Level 3.5 Bows
 + Level 5.4 Armour
 - Level 6.6 Dodging


You had 9 spell levels left.
You didn't know any spells.

Dungeon Overview and Level Annotations

Branches:
Dungeon (10/15)            Temple (0/1) D:7             Orc (0/2) D:9
   Lair: D:8-11

Altars:
Ashenzari
Cheibriados
Fedhas
Gozag
Hepliaklqana
Kikubaaqudgha
Nemelex Xobeh
Okawaru
Trog
Xom
Yredelemnul
Zin
The Shining One


Innate Abilities, Weirdness & Mutations

You have a beak for a mouth.
You have claws for feet.
You can fly.


Message History

Wield which item (- for none, * to show all)? (? for menu, Esc to quit)
Your +0 shortbow of freezing stops glowing.
r - a +0 scimitar (weapon)
You completely miss the hill giant.
You claw the hill giant, but do no damage.
The hill giant hits you with a giant club!!
You hit the hill giant. You claw the hill giant.
The hill giant is lightly wounded.
The hill giant hits you with a giant club!!
* * * LOW HITPOINT WARNING * * *
It was a potion of heal wounds.
You feel much better.
A red film seems to cover your vision as you go berserk!
You feel yourself moving faster!
You feel mighty!
You are feeling hungry.
The hill giant hits you with a giant club!!
* * * LOW HITPOINT WARNING * * *
You slash the hill giant! You claw the hill giant! You peck the hill giant.
The hill giant is heavily wounded.
The hill giant hits you with a giant club!!
You die...

########'''###
#######...###
#######§§§§§#...###
#....##§§§.§#.⌠.##§
#....##§§§§.#...#§§
#.)..##§§§§§#...##§
#....##§§§§§#...###
#.C..########...###
#.@..#⌠......._....
#..>.########...###
#....####§###...#.§
#...####§§§##...#.§
##...#
#§§§§§#...#§§
#....#
##§.§##.⌠.#§§
####.#
###§###...#§§
#.#########...###
#..########'''###


You could see a hill giant.

Vanquished Creatures
  2 trolls (D:9)
  A two-headed ogre (D:10)
  3 yaks (D:9)
  A warg (D:9)
  2 orc warriors
  A sky beast (D:5)
  A necrophage (D:5)
  An ice beast (D:9)
  A phantom (D:9)
  A crocodile (D:7)
  4 centaurs
  Blork the orc (D:4)
  2 big kobolds (D:8)
  4 bullfrogs
  A water moccasin skeleton (D:4)
  4 scorpions
  8 killer bees (D:7)
  4 crimson imps
  A jelly (D:8)
  A bullfrog zombie (D:6)
  A centaur zombie (D:5)
  4 hounds
  9 orc priests
  Jessica (D:2)
  Terence (D:3)
  Ijyb (D:2)
  3 iguanas
  9 orc wizards
  7 worker ants
  A killer bee zombie (D:8)
  A hound zombie (D:5)
  Robin (D:3)
  2 worker ant zombies (D:6)
  6 adders
  9 gnolls
  A howler monkey skeleton (D:10)
  2 shadow imps (D:5)
  2 oozes
  An adder zombie (D:8)
  3 adder skeletons
  5 worms
  2 dart slugs (D:1)
  5 leopard geckos
  42 orcs
  5 bats
  2 giant cockroaches
  15 goblins
  13 hobgoblins
  A jackal (D:4)
  6 quokkas
  2 ball pythons (D:5)
  7 frilled lizards
  19 kobolds
  9 rats
  A fungus (D:4)
243 creatures vanquished.

Vanquished Creatures (collateral kills)
  A quokka (D:7)
1 creature vanquished.

Grand Total: 244 creatures vanquished

Notes
Turn   | Place    | Note
-------+----------+-------------------------------------------
     0 | D:1      | hairmachine the Tengu Berserker began the quest for the Orb.
     0 | D:1      | Reached XP level 1. HP: 14/14 MP: 2/2
     3 | D:1      | Noticed an electric eel
     3 | D:1      | Noticed an electric eel
   519 | D:1      | Reached XP level 2. HP: 17/19 MP: 3/3
  1248 | D:1      | Reached XP level 3. HP: 23/23 MP: 4/4
  1795 | D:2      | Reached skill level 5 in Long Blades
  1879 | D:2      | Noticed Ijyb
  1886 | D:2      | Killed Ijyb
  1886 | D:2      | Reached XP level 4. HP: 28/28 MP: 5/5
  2051 | D:2      | Found a faded altar of an unknown god.
  2056 | D:2      | Found an ancient bone altar of Kikubaaqudgha.
  2389 | D:2      | Reached ** piety under Trog
  2640 | D:2      | Noticed Jessica
  2648 | D:2      | Killed Jessica
  2648 | D:2      | Gained mutation: You can fly. [Tengu growth]
  2648 | D:2      | Reached XP level 5. HP: 32/32 MP: 6/6
  3064 | D:3      | Noticed Terence
  3101 | D:3      | Killed Terence
  3354 | D:3      | Noticed Robin
  3883 | D:3      | Found a basalt altar of Yredelemnul.
  3886 | D:3      | Found an opulent altar of Gozag.
  3889 | D:3      | Found a snail-covered altar of Cheibriados.
  3890 | D:3      | Found an iron altar of Okawaru.
  3891 | D:3      | Found a blossoming altar of Fedhas.
  3894 | D:3      | Found a glowing silver altar of Zin.
  3895 | D:3      | Found a bloodstained altar of Trog.
  3975 | D:3      | Killed Robin
  4111 | D:3      | Reached XP level 6. HP: 37/37 MP: 7/7
  4311 | D:4      | Reached *** piety under Trog
  5030 | D:4      | Noticed Blork the orc
  5049 | D:4      | Killed Blork the orc
  5186 | D:4      | Reached skill level 4 in Fighting
  5452 | D:4      | Reached XP level 7. HP: 44/44 MP: 8/8
  5773 | D:5      | Entered Level 5 of the Dungeon
  5966 | D:4      | Reached skill level 5 in Fighting
  6315 | D:5      | Reached XP level 8. HP: 36/50 MP: 9/9
  6619 | D:5      | Reached skill level 6 in Fighting
  7237 | D:5      | Reached **** piety under Trog
  7842 | D:6      | Reached skill level 5 in Dodging
  8214 | D:6      | Found a shattered altar of Ashenzari.
  8360 | D:6      | Found a hazy altar of Hepliaklqana.
  8385 | D:6      | Reached skill level 7 in Fighting
  8684 | D:7      | Found a staircase to the Ecumenical Temple.
  8757 | D:7      | Reached XP level 9. HP: 14/57 MP: 10/10
  9679 | D:7      | Reached skill level 8 in Fighting
 10197 | D:8      | Found a shimmering altar of Xom.
 11066 | D:8      | Found a glowing golden altar of the Shining One.
 11224 | D:8      | Reached skill level 9 in Fighting
 11453 | D:9      | Noticed a troll
 11500 | D:9      | Killed a troll
 11624 | D:9      | HP: 1/61 [orc priest/divine providence (14)]
 11638 | D:9      | Reached XP level 10. HP: 26/66 MP: 11/11
 12236 | D:9      | Reached skill level 1 in Bows
 12495 | D:9      | Found a staircase to the Orcish Mines.
 12506 | D:9      | Reached skill level 10 in Fighting
 12569 | D:9      | Reached skill level 5 in Armour
 12812 | D:10     | Entered Level 10 of the Dungeon
 12998 | D:10     | Found a sparkling altar of Nemelex Xobeh.
 13052 | D:10     | Received a gift from Trog
 13143 | D:10     | Noticed a hill giant
 13149 | D:10     | HP: 2/68 [hill giant/giant club (25)]
 13152 | D:10     | Demolished by a hill giant

Vault maps used:
D:1:      arrival_aquarium_b, hangedman_decor_slide_cut
D:2:      lemuel_crystal_altar, ecumenical_altar_1, uniq_iyjb, uniq_jessica
D:3:      minitemple, minmay_misc_feat_chi, uniq_robin, uniq_terence
D:4:      minmay_diamond_boxcup, first_bread, minmay_gold_behind_fungi,
          lemuel_old_faithful, uniq_blork_the_orc
D:6:      kennysheep_little_box, old_standard_altar, minmay_door_square
D:8:      nicolae_overflow_crystal_walls, tso_altar
D:9:      david_orc_3
D:10:     nemelex_altar_shiori, uniq_sonja, uniq_erica

Skill      XL: |  1  2  3  4  5  6  7  8  9 10 |
---------------+-------------------------------+-----
Long Blades    | 4 5 6 7 8 9 |  9.6
Fighting       | 4 5 7 9 10 | 10.2
Dodging        | 3 4 5 6 |  6.6
Armour         | 3 5 |  5.4
Bows           | 3 |  3.5

Action                   |  1- 3 |  4- 6 |  7- 9 | 10-12 || total
-------------------------+-------+-------+-------+-------++-------
Melee: Falchion          |    75 |   159 |       |       ||   234
       Kick              |    22 |    55 |   156 |    37 ||   270
       Peck              |    13 |    24 |   104 |    29 ||   170
       Scimitar          |       |    13 |   443 |    89 ||   545
 Fire: Shortbow          |       |       |       |    39 ||    39
Throw: Stone             |     2 |       |    16 |       ||    18
Invok: Berserk           |     4 |     5 |     5 |     3 ||    17
       Burn Spellbooks   |       |     1 |       |       ||     1
       Trog's Hand       |       |       |     4 |       ||     4
       Brothers in Arms  |       |       |     1 |       ||     1
 Abil: Fly               |       |     1 |       |       ||     1
  Use: Scroll            |       |     3 |     5 |       ||     8
       Potion            |       |       |     4 |     1 ||     5
  Eat: Chunk             |     6 |    13 |    15 |     7 ||    41
       Meat ration       |       |     1 |     2 |       ||     3
       Beef jerky        |       |       |     1 |       ||     1
Armor: Animal skin       |     9 |       |       |       ||     9
       Ring mail         |     7 |       |       |       ||     7
       Chain mail        |       |    60 |   236 |    32 ||   328
Dodge: Dodged            |    46 |    53 |   233 |    37 ||   369
       Rpst.: Falchion   |    16 |    12 |       |       ||    28
       Scimitar          |       |       |    81 |     7 ||    88
